 Dungeon Crawl Stone Soup version 0.29.1-15-g9cfb28693d (webtiles) character file.

Game seed: 18148568422990495907

56 H0rd4k the Charlatan (level 3, -2/24 HPs)
             Began as an Octopode Artificer on Mar 27, 2023.
             Succumbed to a goblin's poison
             ... on level 3 of the Dungeon.
             The game lasted 00:01:48 (2710 turns).

H0rd4k the Charlatan (Octopode Artificer)           Turns: 2710, Time: 00:01:48

Health: -2/24      AC:  1    Str: 11    XL:     3   Next: 95%
Magic:  5/5        EV: 13    Int: 15    God:
Gold:   64         SH:  0    Dex: 12    Spells: 5/5 levels left

rFire   . . .      SeeInvis .     - Unarmed
rCold   . . .      Faith    .   (no shield)
rNeg    . . .      Spirit   .   (helmet restricted)
rPois   .          Reflect  .   (no amulet)
rElec   .          Harm     .   (no ring)
rCorr   .          Rampage  .   (no ring)
Will    .....                   (no ring)
Stlth   +++.......              (no ring)
HPRegen 0.08/turn               (no ring)
MPRegen 0.09/turn               (no ring)
                                (no ring)
                                (no ring)

@: lethally poisoned (-2 -> -30)
A: almost no armour, amphibious, 8 rings, camouflage 1, gelatinous body 1,
(nimble swimmer 1), tentacles
a: no special abilities


You were on level 3 of the Dungeon.
You visited 1 branch of the dungeon, and saw 3 of its levels.

You collected 64 gold pieces.

Inventory:

Missiles
 l - a throwing net
 m - 5 poisoned darts
Wands
 b - a wand of flame (10) (quivered)
 c - a wand of charming (13)
 d - a wand of iceblast (5)
Scrolls
 a - a scroll of noise {unknown}
 f - a scroll of amnesia {unknown}
 h - 2 scrolls of immolation {unknown}
 k - a scroll of identify {unknown}
Potions
 e - a potion of invisibility {unknown}
 g - 2 potions of cancellation {unknown}
 i - a potion of attraction {unknown}
 j - 2 potions of curing {unknown}


   Skills:
 * Level 2.1 Fighting
 - Level 2.3 Dodging
 - Level 1.3 Stealth
 + Level 1.6 Unarmed Combat
 * Level 1.7 Spellcasting
 - Level 3.2 Evocations


You had 5 spell levels left.
You didn't know any spells.
Your spell library contained the following spells:

 Spells                   Type           Power      Damage    Failure   Level
 Sublimation of Blood     Necr           1%         N/A       34%         2
 Petrify                  Tmut/Erth      1%         N/A       92%         4
 Irradiate                Conj/Tmut      0%         3d11      99%         5


Dungeon Overview and Level Annotations

Branches:
Dungeon (3/15)

Altars:

Shops:
D:1 (

Annotations:
D:3 Grinder


Innate Abilities, Weirdness & Mutations

You cannot wear most types of armour.
You are amphibious.
You can wear up to eight rings at the same time.
Your skin changes colour to match your surroundings (Stealth+).
Your rubbery body absorbs attacks. (AC +1, EV +1)
((You are camouflaged when in or above water. (Stealth+)))
You have tentacles for arms and can constrict up to eight enemies at once.


Message History

Guard this area!
You now have 64 gold pieces (gained 7).
Found 2 poisoned darts.
What are your orders? t - Shout!
Orders for allies: a - Attack new target. r - Retreat! s - Stop attacking. g - Guard the area. f - Follow me.
Anything else - Cancel.
Guard this area!
Grinder is no longer charmed.
Found 4 stones.
There is a stone staircase leading down here.
Saving game... please wait.
Level annotation: Grinder Welcome back, H0rd4k the Octopode Artificer.
Press ? for a list of commands and other information.
Grinder is nearby!
Grinder is nearby!
Okay, then.
You see here 4 stones.
A goblin comes into view. It is wielding a +0 dagger of venom.
The goblin shouts!
You hear a shout!
Grinder gestures at you.
You suddenly lose the ability to move!
The goblin hits you with a +0 dagger of venom.
You are poisoned.
You feel sick.
The goblin hits you with a +0 dagger of venom.
You are lethally poisoned!
* * * LOW HITPOINT WARNING * * *
You feel very sick.
The goblin hits you with a +0 dagger of venom.
* * * LOW HITPOINT WARNING * * *
You are more poisoned.
You can move again.
Unknown command.
You tentacle-slap the goblin. You grab the goblin. You squeeze the goblin.
You kill the goblin!
You die...

#.........#.##(#
#.#.#######.##.#
.....# ####.##.#
###.##.
.....##.# #. .
#....# # .
#....# .# #...5#
####)# #@# #.#
#.# #.# #.. #.#
#.# ..#


You could see Grinder.

Vanquished Creatures
  2 adders (D:2)
  A worm (D:2)
  2 dart slugs (D:1)
  4 endoplasms
  A giant cockroach (D:1)
  6 goblins
  A hobgoblin (D:1)
  2 quokkas
  4 ball pythons
  3 bats (D:1)
  A frilled lizard (D:2)
  2 kobolds
  A rat (D:2)
30 creatures vanquished.

Vanquished Creatures (others)
  A frilled lizard (D:2)
1 creature vanquished.

Grand Total: 31 creatures vanquished

Notes
Turn   | Place    | Note
-------+----------+-------------------------------------------
     0 | D:1      | H0rd4k the Octopode Artificer began the quest for the Orb.
     0 | D:1      | Reached XP level 1. HP: 13/13 MP: 1/1
   167 | D:1      | Reached XP level 2. HP: 17/18 MP: 1/3
   240 | D:1      | Reached skill level 1 in Spellcasting
   738 | D:1      | Found a faded altar of an unknown god.
  1171 | D:1      | Found Purghuekk's Antique Weapon Shoppe.
  1179 | D:1      | Reached skill level 1 in Unarmed Combat
  1446 | D:2      | Reached XP level 3. HP: 13/24 MP: 3/5
  2640 | D:3      | Noticed Grinder
  2645 | D:3      | Paralysed by Grinder for 4 turns
  2705 | D:3      | Paralysed by Grinder for 5 turns
  2710 | D:3      | Succumbed to a goblin's poison

Illustrated notes

Levels and vault maps discovered:
D:1:      wheals_arrival_linesprint, layout_basic, serial_shops,
          nicolae_shop_advertising_works [nicolae_subvault_shop_adworks],
          shapermc_ecumenical_altar_venn, minmay_misc_feat_encased,
          minmay_misc_feat_pillars
D:2:      layout_basic
D:3:      layout_basic, minmay_misc_feat_four_crosses, uniq_grinder

Skill      XL: |  1  2  3 |
---------------+----------+-----
Spellcasting   | 1 |  1.7
Unarmed Combat | 1 |  1.6
Fighting       | 2 |  2.1
Dodging        | |  2.3
Stealth        | |  1.3
Evocations     | |  3.2

Action                   || total
-------------------------++-------
Melee: Unarmed           ||    72
       Constrict         ||    18
       Tentacles         ||    17
       Punch             ||     1
Evoke: Wand              ||     7
 Stab: Sleeping          ||     6
Armor: Skin              ||     4
Dodge: Dodged            ||    43
